 Dungeon Crawl Stone Soup version 0.19-a0-1608-g4cf22de (webtiles) character file.

2 jacquesderrida the Charmwright (level 1, 9/11 HPs)
             Began as a Vine Stalker Skald on Sept 17, 2016.
             Quit the game on level 2 of the Dungeon.
             The game lasted 00:00:19 (89 turns).

jacquesderrida the Charmwright (Vine Stalker Skald)   Turns: 89, Time: 00:00:20

Health: 9/11       AC:  3    Str: 14    XL:     1   Next: 30%
Magic:  4/4        EV: 11    Int: 12    God:
Gold:   9          SH:  0    Dex: 10    Spells: 1 memorised, 3 levels left

rFire  . . .     SeeInvis .     a - +0 falchion
rCold  . . .     Gourm    .     b - +0 leather armour
rNeg   . . .     Faith    .     (no shield)
rPois  .         Spirit   +     (no helmet)
rElec  .         Dismiss  .     (no cloak)
rCorr  .         Reflect  .     (no gloves)
MR     .....     Harm     .     (no boots)
Stlth  +.........               (no amulet)
                                (no ring)
                                f - -3 ring of dexterity (curse)

@: no status effects
A: fangs 2, magic shield, antimagic bite, no device heal 3, rot immunity
a: no special abilities


You were on level 2 of the Dungeon.
You were not hungry.

You visited 1 branch of the dungeon, and saw 2 of its levels.

You collected 9 gold pieces.

Inventory:

Hand Weapons
 a - a +0 falchion (weapon)
Armour
 b - a +0 leather armour (worn)
Jewellery
 f - a cursed -3 ring of dexterity (left hand)
Scrolls
 e - 2 scrolls of immolation
Books
 c - a book of Battle

   Spells                             Type                      Level
   a - Infusion                       Charms                       1
   b - Shroud of Golubria             Charms/Translocation         2
   c - Song of Slaying                Charms                       2
   d - Spectral Weapon                Hexes/Charms                 3
   e - Regeneration                   Charms/Necromancy            3
Comestibles
 d - a bread ration


   Skills:
 - Level 1.7 Fighting
 + Level 2.0 Long Blades
 - Level 0.7 Armour
 - Level 0.7 Dodging
 - Level 2.1 Spellcasting
 - Level 3.0 Charms


You had 3 spell levels left.
You knew the following spells:

 Your Spells              Type           Power        Failure   Level  Hunger
a - Infusion              Chrm           #...         12%         1    ##.....


Dungeon Overview and Level Annotations

Branches:
Dungeon (2/15)

Altars:


Innate Abilities, Weirdness & Mutations

You have extremely sharp teeth.
When hurt, damage is shared between your health and your magic reserves.
Your bite disrupts and absorbs the magic of your enemies.
Potions and wands cannot restore your health.
You are immune to rotting.


Message History

You barely miss the goblin. Your bite misses the goblin.
The goblin hits you but does no damage. The goblin barely misses you.
You riposte.
You hit the goblin. Your bite misses the goblin.
The goblin is severely wounded.
You hit the goblin.
You kill the goblin!
Your Long Blades skill increases to level 2!
No target in view!
No target in view!
No target in view!
No target in view!
f - a sapphire ring Put on which piece of jewellery? (? for menu, Esc to quit)
You feel clumsy.
Oops, that ring feels deathly cold.
f - a cursed -3 ring of dexterity (left hand)
As you read the scroll labeled MEURPH TUOS, it crumbles to dust.
The air around you briefly surges with heat, but it dissipates.
It was a scroll of immolation.
Are you sure you want to abandon this character and quit the game? (Confirm with "yes".)

##########
#..>.....#
#..@....>###########
#......).'.....†....
#........###########
#........#
##########


There were no monsters in sight!

Vanquished Creatures
  A bat (D:2)
  A goblin (D:2)
2 creatures vanquished.

Notes
Turn   | Place    | Note
-------+----------+-------------------------------------------
     0 | D:1      | jacquesderrida the Vine Stalker Skald began the quest for the Orb.
     0 | D:1      | Reached XP level 1. HP: 11/11 MP: 4/4
    89 | D:2      | Quit the game

Vault maps used:
D:1:      dpeg_arrival_line_fractal, serial_forest,
          infiniplex_forest_lined_corner, infiniplex_forest_straight_3,
          infiniplex_forest_lined_2, infiniplex_forest_lined_4_way,
          infiniplex_forest_zigzag_1, infiniplex_forest_zigzag_2,
          infiniplex_forest_clump_C, hangedman_decor_clover_reticule
D:2:      serial_glass, glass_columns_b, glass_columns_a, uniq_jessica,
          uniq_robin

Skill      XL: |  1 |
---------------+----+-----
Long Blades    | 2 |  2.0
Fighting       | |  1.7
Armour         | |  0.7
Dodging        | |  0.7
Spellcasting   | |  2.1
Charms         | |  3.0

Action                   || total
-------------------------++-------
Melee: Falchion          ||    10
       Bite              ||     2
  Use: Scroll            ||     1
Armor: Leather armour    ||     4
Dodge: Dodged            ||     4
